 Dungeon Crawl Stone Soup version 0.22-a0-40-g3d2f077 (webtiles) character file.

13 tidbits the Grave Robber (level 2, 0/20 HPs)
             Began as a Gnoll Necromancer on Jan 4, 2018.
             Slain by an adder (1 damage)
             ... on level 2 of the Dungeon.
             The game lasted 00:01:58 (331 turns).

tidbits the Grave Robber (Gnoll Necromancer)         Turns: 331, Time: 00:01:59

Health: 0/20       AC:  3    Str: 10    XL:     2   Next: 37%
Magic:  7/7        EV: 19    Int: 17    God:
Gold:   69         SH:  0    Dex: 20    Spells: 9/10 levels left

rFire    . . .     SeeInvis .   l - +0 dagger
rCold    . . .     Gourm    .   (no shield)
rNeg     . . .     Faith    .   B - +0 leather armour (curse)
rPois    .         Spirit   .   (no helmet)
rElec    .         Reflect  .   (no cloak)
rCorr    .         Harm     .   (no gloves)
MR       .....                  (no boots)
Stlth    ++++......             (no amulet)
HPRegen  0.06/turn              (no ring)
MPRegen  0.10/turn              (no ring)

@: agile, very slightly contaminated, invisible
A: distributed training, fangs 1, strong nose
a: no special abilities


You were on level 2 of the Dungeon.
You were not hungry.

You visited 1 branch of the dungeon, and saw 3 of its levels.

You collected 69 gold pieces.

Inventory:

Hand Weapons
 e - a +0 spear
 f - a +0 short sword
 l - a +0 dagger (weapon)
 m - a +0 hunting sling
Armour
 a - a +0 robe
 B - a cursed +0 leather armour (worn)
Scrolls
 h - 2 scrolls of teleportation {unknown}
 i - a scroll of remove curse {unknown}
 j - a scroll of enchant weapon {unknown}
 k - a scroll of magic mapping {unknown}
Potions
 g - a potion of invisibility
Books
 b - a book of Necromancy

   Spells                             Type                      Level
   a - Pain                           Necromancy                   1
   b - Animate Skeleton               Necromancy                   1
   c - Vampiric Draining              Necromancy                   3
   d - Regeneration                   Charms/Necromancy            3
   e - Animate Dead                   Necromancy                   4
   f - Borgnjor's Vile Clutch         Necromancy/Earth             5
Comestibles
 c - 3 rations


   Skills:
 + Level 0.3 Fighting
 + Level 0.3 Short Blades
 + Level 0.3 Long Blades
 + Level 0.3 Axes
 + Level 0.3 Maces & Flails
 + Level 0.3 Polearms
 + Level 0.3 Staves
 + Level 0.3 Slings
 + Level 0.3 Bows
 + Level 0.3 Crossbows
 + Level 0.3 Throwing
 + Level 0.3 Armour
 + Level 4.4 Dodging
 + Level 4.0 Stealth
 + Level 0.3 Shields
 + Level 0.3 Unarmed Combat
 + Level 4.9 Spellcasting
 + Level 0.2 Conjurations
 + Level 0.2 Hexes
 + Level 0.2 Charms
 + Level 0.2 Summonings
 + Level 7.0 Necromancy
 + Level 0.2 Translocations
 + Level 0.2 Transmutations
 + Level 0.2 Fire Magic
 + Level 0.2 Ice Magic
 + Level 0.2 Air Magic
 + Level 0.2 Earth Magic
 + Level 0.2 Poison Magic
 + Level 0.4 Invocations
 + Level 0.3 Evocations


You had 9 spell levels left.
You knew the following spells:

 Your Spells              Type           Power        Failure   Level  Hunger
a - Pain                  Necr           ####         1%          1    None


Dungeon Overview and Level Annotations

Branches:
Dungeon (3/15)

Altars:


Innate Abilities, Weirdness & Mutations

Your experience applies equally to all skills.
You have very sharp teeth.
Your uncanny sense of smell can sniff out nearby items.


Message History

A rat comes into view.
Found a ration and 9 gold pieces.
Found a leather armour.
There is an open door here.
The rat completely misses you.
You closely miss the rat. Your bite misses the rat.
The rat completely misses you.
Casting: Pain
Confirm with . or Enter, or press ? or * to list all spells.
Aiming: Pain
Press: ? - help, Shift-Dir - straight line, f - rat
Aim: a rat (chance to defeat MR: 93%)
The rat barely resists.
The rat misses you.
Casting: Pain
Confirm with . or Enter, or press ? or * to list all spells.
Aiming: Pain
Press: ? - help, Shift-Dir - straight line, f/p - rat
Aim: a rat (chance to defeat MR: 93%)
The rat writhes in agony!
You kill the rat!
You see here a rat corpse.
c - 3 rations (gained 1)
You now have 69 gold pieces (gained 9).
You see here a rat corpse.
There is an open door here.
You open the door.
A frilled lizard and an orc come into view.
Found a scroll labeled MAMO POIXEF.
Casting: Pain
Confirm with . or Enter, or press ? or * to list all spells.
Aiming: Pain
Press: ? - help, Shift-Dir - straight line, f - orc
Aim: an orc, wielding a dagger (resting, chance to defeat MR: 93%)
The orc writhes in agony!
You kill the orc!
There is an open door here.
The frilled lizard hisses angrily.
Casting: Pain
Confirm with . or Enter, or press ? or * to list all spells.
Aiming: Pain
Press: ? - help, Shift-Dir - straight line, f - frilled lizard
Aim: a frilled lizard (chance to defeat MR: 93%)
The frilled lizard writhes in agony!
You kill the frilled lizard!
You see here a dagger.
l - a dagger Wield which item (- for none, * to show all)? (? for menu, Esc to quit)
l - a +0 dagger (weapon)
h - 2 scrolls labeled MAMO POIXEF (gained 1)
There is an open door here.
As you open the door, it creaks loudly!
A goblin and a kobold come into view.
The goblin shouts!
The kobold shouts!
Found a hunting sling.
Casting: Pain
Confirm with . or Enter, or press ? or * to list all spells.
Aiming: Pain
Press: ? - help, Shift-Dir - straight line, f - goblin
Aim: a goblin, wielding a dagger (chance to defeat MR: 93%)
The goblin writhes in agony!
You kill the goblin!
Casting: Pain
Confirm with . or Enter, or press ? or * to list all spells.
Aiming: Pain
Press: ? - help, Shift-Dir - straight line, f - kobold
Aim: a kobold, wielding a dagger (chance to defeat MR: 93%)
The kobold writhes in agony!
You kill the kobold!
There is an open door here.
Things that are here:
a dagger; a kobold corpse You see here a hunting sling.
m - a hunting sling
Things that are here:
a dagger; a goblin corpse
There is an open door here.
You open the door.
An adder comes into view.
Found 14 gold pieces.
There is an open door here.
You aren't carrying any items that you can evoke without wielding.
Unknown command.
It was a potion of invisibility.
You fade into invisibility!
The adder bites you.
* * * LOW HITPOINT WARNING * * *
The adder misses you.
You are very lightly contaminated with residual magic.
You hit the adder but do no damage. The adder barely misses you.
You hit the adder but do no damage. You closely miss the adder.
The adder bites you.
* * * LOW HITPOINT WARNING * * *
The adder misses you.
It was a potion of agility.
You feel agile all of a sudden. The adder completely misses you.
You miss the adder. Your bite misses the adder. The adder closely misses you.
The adder barely misses you.
You closely miss the adder. The adder bites you.
You die...

#.# #..###....... #.#
#..# ##########.# ..∆
.....[.....#
################# ##
##...## ##...##
.###.....###.....##
..#.......#...$...#
..#.......#.....@.#
..#.[.....#....S..#
.###..†..###.....##
## ##...## ##...##
######'#######'####
..................#.
....................#
..................#.#
######'#######+#### #


You could see an adder.

Vanquished Creatures
  A worm (D:2)
  An orc (D:2)
  A bat (D:2)
  A goblin (D:2)
  2 kobolds (D:2)
  A quokka (D:2)
  A frilled lizard (D:2)
  A rat (D:2)
9 creatures vanquished.

Notes
Turn   | Place    | Note
-------+----------+-------------------------------------------
     0 | D:1      | tidbits the Gnoll Necromancer began the quest for the Orb.
     0 | D:1      | Reached XP level 1. HP: 13/13 MP: 6/6
   169 | D:3      | Noticed an orc priest
   210 | D:2      | Reached XP level 2. HP: 4/19 MP: 3/7
   323 | D:2      | HP: 2/20 [adder (2)]
   331 | D:2      | Slain by an adder

Vault maps used:
D:1:      dpeg_arrival_solitude, st_stairs_6
D:2:      kennysheep_six_static_rooms, uniq_robin
D:3:      uniq_grinder

Action                   || total
-------------------------++-------
Melee: Short sword       ||     4
       Dagger            ||     5
 Cast: Pain              ||    12
  Use: Potion            ||     2
 Stab: Sleeping          ||     2
Dodge: Dodged            ||    12

Table legend:
 A = Spawn XP
 B = Non-spawn XP
 C = Spawn XP percentage of total XP
 D = Spawn monster count
 E = Non-spawn monster count
 F = Spawn count percentage of total count
 G = Total turns spent on level
                    A         B        C        D         E        F      G
               +---------+---------+-------+---------+---------+-------+---------
         Total |       0 |      19 |   0.0 |       0 |       9 |   0.0 |   331
               +---------+---------+-------+---------+---------+-------+---------
           D:2 |       0 |      19 |   0.0 |       0 |       9 |   0.0 |   284
               +---------+---------+-------+---------+---------+-------+---------

Table legend:
 A = Turns spent in this place as a percentage of turns spent in the entire game.
 B = Non-inter-level travel turns spent in this place as a percentage of non-inter-level travel turns spent in the entire game.
 C = Inter-level travel turns spent in this place as a percentage of turns spent in this place.
 D = Turns resting spent in this place as a percentage of non-inter-level travel turns spent in this place.
 E = Turns spent auto-exploring this place as a percentage of non-inter-level travel turns spent in this place.
 F = Non-inter-level travel turns spent in this place divided by the number of levels of this place that you've seen.
                   A       B       C       D       E      F
               +-------+-------+-------+-------+-------+----------------------
         Total | 100.0 | 100.0 |   0.0 |   0.0 |   0.0 | 110.3
       Dungeon | 100.0 | 100.0 |   0.0 |   0.0 |   0.0 | 110.3
               +-------+-------+-------+-------+-------+----------------------

Table legend:
 A = Kills in this place as a percentage of kills in entire the game.
 B = Kills by you in this place as a percentage of kills by you in the entire game.
 C = Kills by friends in this place as a percentage of kills by friends in the entire game.
 D = Other kills in this place as a percentage of other kills in the entire game.
 E = Experience gained in this place as a percentage of experience gained in the entire game.
 F = Experience gained in this place divided by the number of levels of this place that you have seen.
                   A       B       C       D       E      F
               +-------+-------+-------+-------+-------+----------------------
         Total | 100.0 | 100.0 |   N/A |   N/A | 100.0 |   6.3
       Dungeon | 100.0 | 100.0 |   N/A |   N/A | 100.0 |   6.3
               +-------+-------+-------+-------+-------+----------------------

Vault maps used:
D:1:      dpeg_arrival_solitude, st_stairs_6
D:2:      kennysheep_six_static_rooms, uniq_robin
D:3:      uniq_grinder
